 Dungeon Crawl Stone Soup version 0.27-a0-1272-g7c8ad2e407 (webtiles) character file.

Game seed: 553620064522027132

10145 Kinoniko the Cleaver (level 11, -2/94 HPs)
             Began as a Green Draconian Fighter on June 11, 2021.
             Was a High Priest of Okawaru.
             Slain by a skeletal warrior
             ... wielding a +0 halberd
             ... led by a skeletal warrior
              (12 damage)
             ... on level 11 of the Dungeon.
             The game lasted 00:19:57 (12581 turns).

Kinoniko the Cleaver (Green Draconian Fighter)     Turns: 12581, Time: 00:19:58

Health: -2/94      AC: 11    Str: 19    XL:     11   Next: 32%
Magic:  10/11      EV: 17    Int:  9    God:    Okawaru [*****.]
Gold:   155        SH:  0    Dex: 13    Spells: 10/10 levels left

rFire    + . .     SeeInvis .   E - +6 halberd (freeze)
rCold    . . .     Faith    .   (shield currently unavailable)
rNeg     . . .     Spirit   .   (armour unavailable)
rPois    +         Reflect  .   D - +1 hat
rElec    .         Harm     .   l - +1 cloak
rCorr    .         Rampage  .   p - +0 pair of gloves
Will     .....                  (no boots)
Stlth    +.........             o - amulet of magic regeneration
HPRegen  0.25/turn              i - ring of protection from fire
MPRegen  0.37/turn              u - +4 ring of evasion

@: no status effects
A: breathe noxious fumes, AC +7, unfitting armour, poison resistance,
cold-blooded
a: Breathe Noxious Fumes, Renounce Religion, Heroism, Finesse


You were on level 11 of the Dungeon.
You worshipped Okawaru.
Okawaru was extremely pleased with you.
You visited 1 branch of the dungeon, and saw 11 of its levels.

You collected 631 gold pieces.
You spent 476 gold pieces at shops.

Inventory:

Hand Weapons
 a - a +0 war axe
 C - the +9 arbalest "Uthraplo" {vorpal, Fly rCorr Dex+5}
   (You found it on level 7 of the Dungeon)

   Any bolt fired from it inflicts extra damage.
   It affects your dexterity (+5).
   It grants you flight.
   It protects you from acid and corrosion.
 E - a +6 halberd of freezing (weapon)
 H - the +6 spear of the Forest {speed, rF- rCorr Str+6 Stlth-}
   (You bought it in a shop on level 8 of the Dungeon)

   Attacks with this weapon are significantly faster.
   It affects your strength (+6).
   It makes you vulnerable to fire.
   It protects you from acid and corrosion.
   It makes you less stealthy.
Missiles
 h - 3 throwing nets
 w - 2 curare-tipped darts (quivered)
 z - 4 atropa-tipped darts
Armour
 b - a +3 kite shield
 l - a +1 cloak (worn)
 p - a +0 pair of gloves (worn)
 D - a +1 hat (worn)
Jewellery
 d - a ring of see invisible
 e - a ring of poison resistance
 i - a ring of protection from fire (left hand)
 o - an amulet of magic regeneration (around neck)
 u - a +4 ring of evasion (right hand)
 K - an amulet of reflection
 L - a +6 ring of dexterity
 M - an amulet of regeneration
Wands
 c - a wand of paralysis (7)
 m - a wand of digging (3)
 t - a wand of mindburst (7)
 x - a wand of acid (7)
 y - a wand of iceblast (8)
 F - a wand of polymorph (6)
Scrolls
 g - 2 scrolls of amnesia
 k - 2 scrolls of teleportation
 A - a scroll of blinking
 B - 2 scrolls of vulnerability
Potions
 f - 3 potions of lignification
 j - a potion of attraction {unknown}
 n - 3 potions of flight {unknown}
 q - a potion of curing
 r - 2 potions of magic {unknown}
 s - a potion of resistance {unknown}
 v - 2 potions of ambrosia {unknown}
 G - a potion of brilliance {unknown}
 I - a potion of haste {unknown}
 J - a potion of heal wounds


   Skills:
 + Level 8.2 Fighting
 - Level 12.8(13.7) Axes
 * Level 8.3(11.6) Polearms
 + Level 4.6 Dodging
 + Level 5.0 Shields
 + Level 1.2 Invocations


You had 10 spell levels left.
You didn't know any spells.
Your spell library contained the following spells:

 Spells                   Type           Power      Damage    Failure   Level
 Summon Forest            Summ/Tloc      0%         N/A       100%        5
 Summon Mana Viper        Hex/Summ       0%         N/A       100%        5
 Shadow Creatures         Summ           N/A        N/A       100%        6
 Summon Hydra             Summ           0%         N/A       100%        7


Dungeon Overview and Level Annotations

Branches:
Dungeon (11/15)            Temple (0/1) D:6             Orc (0/2) D:9
   Lair: D:8-11

Altars:
Fedhas
Hepliaklqana
Makhleb
Okawaru
Qazlal
Sif Muna
Trog
Uskayaw
Yredelemnul
The Shining One

Shops:
D:4 !   D:6 *:[   D:8 (

Annotations:
D:9 1 runed translucent door


Innate Abilities, Weirdness & Mutations

You can breathe blasts of noxious fumes.
Your lurid green scales are hard. (AC +7)
You cannot fit into any form of body armour.
Your system is resistant to poisons. (rPois)
You are cold-blooded and may be slowed by cold attacks.


Message History

You reach to attack!
You hit the skeletal warrior but do no damage.
The skeletal warrior is lightly damaged.
You reach to attack!
You slash the skeletal warrior! You freeze the skeletal warrior.
The skeletal warrior is heavily damaged.
The skeletal warrior closely misses you.
You reach to attack!
You hit the skeletal warrior.
The skeletal warrior is heavily damaged.
You reach to attack!
You hit the skeletal warrior.
The skeletal warrior is heavily damaged.
You feel like a meek peon again.
The skeletal warrior hits you from afar with a +0 halberd!
You reach to attack!
You barely miss the skeletal warrior.
The skeletal warrior is heavily damaged.
You reach to attack!
You hit the skeletal warrior but do no damage.
The skeletal warrior is heavily damaged.
You reach to attack!
You hit the skeletal warrior but do no damage.
The skeletal warrior is heavily damaged.
Your hands slow down.
The skeletal warrior hits you from afar with a +0 halberd!
You are too injured to fight recklessly!
You are too injured to fight recklessly!
You are too injured to fight recklessly!
You are too injured to fight recklessly!
The skeletal warrior hits you with a +0 halberd!
You hit the skeletal warrior but do no damage.
The skeletal warrior is heavily damaged.
The skeletal warrior barely misses you.
You hit the skeletal warrior but do no damage.
The skeletal warrior is heavily damaged.
The skeletal warrior hits you with a +0 halberd!!
* * * LOW HITPOINT WARNING * * *
You hit the skeletal warrior but do no damage.
You tail-slap the skeletal warrior.
The skeletal warrior is heavily damaged.
The skeletal warrior hits you with a +0 halberd!
You die...

#### #... ...# #..# #..#
#..# ## #.z# .. #.@##
######## #..)# #......#
######..####.#
#.....>####.............
.........##.######......
.........##.# ......
#........##.# ......
..#......##.# .....#
.........##.# ....#


You could see a skeletal warrior.

Vanquished Creatures
  2 two-headed ogres
  A skeletal warrior (D:11)
  A manticore (D:7)
  Joseph (D:7)
  2 kobold demonologists
  An unseen horror (D:10)
  A troll (D:7)
  Grinder (D:4)
  2 shadows
  7 yaks
  2 wyverns (D:8)
  A wraith (D:10)
  4 vampire mosquitoes (D:10)
  A steam dragon (D:6)
  A water moccasin (D:6)
  A black bear (D:6)
  An ice beast (D:5)
  5 orc warriors
  An ogre (D:6)
  3 phantoms
  3 kobold brigands
  A bullfrog (D:7)
  5 gnoll sergeants
  2 scorpions
  A wyvern skeleton (D:7)
  2 troll zombies (D:9)
  5 killer bees
  7 wights
  2 howler monkeys
  2 centaur zombies
  A lava snake (D:8)
  3 hounds (D:4)
  3 jellies
  3 gnoll shamans
  8 orc priests
  A centaur skeleton (D:7)
  2 human skeletons (D:9)
  3 iguanas
  13 orc wizards
  A killer bee zombie (D:8)
  6 ogre zombies (D:9)
  A hound zombie (D:5)
  5 howler monkey zombies (D:9)
  31 gnolls
  4 adders
  A shadow imp (D:6)
  An ufetubus (D:5)
  An adder skeleton (D:4)
  5 dart slugs
  A worm (D:6)
  31 orcs
  8 endoplasms
  5 giant cockroaches
  4 hobgoblins
  8 jackals
  A quokka (D:5)
  8 ball pythons
  11 bats
  2 frilled lizards
  7 goblins
  A goblin skeleton (D:9)
  3 goblin zombies (D:9)
  A hobgoblin skeleton (D:9)
  A hobgoblin zombie (D:9)
  22 kobolds
  5 orc skeletons (D:9)
  14 orc zombies (D:9)
  10 rats
305 creatures vanquished.

Vanquished Creatures (others)
  A wizard (D:9)
  An orc wizard (D:6)
  5 plants (D:1)
7 creatures vanquished.

Grand Total: 312 creatures vanquished

Notes
Turn   | Place    | Note
-------+----------+-------------------------------------------
     0 | D:1      | Kinoniko the Draconian Fighter began the quest for the Orb.
     0 | D:1      | Reached XP level 1. HP: 19/19 MP: 1/1
   144 | D:1      | Reached XP level 2. HP: 9/26 MP: 2/2
   341 | D:1      | You fall into a shaft and drop 1 floor!
   341 | D:2      | Found a faded altar of an unknown god.
   346 | D:2      | Reached skill level 3 in Axes
   969 | D:1      | Reached XP level 3. HP: 29/31 MP: 3/3
  1547 | D:2      | Reached skill level 4 in Axes
  1972 | D:3      | Reached XP level 4. HP: 38/38 MP: 4/4
  2569 | D:3      | Reached skill level 5 in Axes
  2898 | D:3      | Found a glowing golden altar of the Shining One.
  3102 | D:4      | Reached XP level 5. HP: 34/45 MP: 5/5
  3192 | D:4      | Found a burning altar of Makhleb.
  3213 | D:4      | Noticed a water elemental
  3217 | D:4      | Found a stormy altar of Qazlal.
  3221 | D:4      | Noticed a fire elemental
  3257 | D:4      | Noticed an air elemental
  3334 | D:4      | Reached skill level 6 in Axes
  3490 | D:4      | Reached XP level 6. HP: 51/51 MP: 6/6
  3516 | D:4      | Noticed Grinder
  3534 | D:4      | Killed Grinder
  3535 | D:4      | Reached skill level 7 in Axes
  3734 | D:4      | Found Vionav's Distillery.
  3755 | D:4      | Bought a potion of heal wounds for 60 gold pieces
  3755 | D:4      | Bought a potion of heal wounds for 60 gold pieces
  3755 | D:4      | Bought a potion of might for 48 gold pieces
  3755 | D:4      | Bought a potion of heal wounds for 60 gold pieces
  3909 | D:4      | Your scales start taking on a lurid green colour.
  3909 | D:4      | Reached XP level 7. HP: 53/57 MP: 7/7
  3909 | D:4      | Gained mutation: Your system is resistant to poisons.
                  | (rPois) [Green Draconian growth]
  3945 | D:4      | Reached skill level 8 in Axes
  4241 | D:4      | Found a hazy altar of Hepliaklqana.
  4284 | D:5      | Entered Level 5 of the Dungeon
  4629 | D:5      | Reached skill level 9 in Axes
  4906 | D:5      | Found a blossoming altar of Fedhas.
  5193 | D:6      | Found an iron altar of Okawaru.
  5200 | D:6      | Became a worshipper of Warmaster Okawaru
  5216 | D:5      | Reached XP level 8. HP: 47/63 MP: 8/8
  5325 | D:6      | Reached skill level 10 in Axes
  5457 | D:6      | Found a staircase to the Ecumenical Temple.
  5567 | D:6      | Found Mewkah's Book Shop.
  5702 | D:6      | Reached * piety under Okawaru
  5964 | D:6      | Found Kanyos's General Store.
  5994 | D:6      | Reached skill level 11 in Axes
  6579 | D:6      | Found Rooczes's Antique Armour Emporium.
  6658 | D:7      | Noticed Joseph
  6669 | D:7      | Killed Joseph
  6669 | D:7      | Reached ** piety under Okawaru
  6670 | D:7      | Reached skill level 12 in Axes
  6670 | D:7      | Reached XP level 9. HP: 59/70 MP: 9/9
  6730 | D:7      | Noticed a two-headed ogre
  6745 | D:7      | Killed a two-headed ogre
  6912 | D:7      | Noticed a troll
  6932 | D:7      | Killed a troll
  7243 | D:7      | Noticed a manticore
  7270 | D:7      | HP: 1/72 [manticore (9)]
  7277 | D:7      | Killed a manticore
  7664 | D:7      | Reached *** piety under Okawaru
  7962 | D:7      | Identified the +9 arbalest "Uthraplo" {vorpal, Fly rCorr
                  | Dex+5}
  8073 | D:7      | Found a shimmering blue altar of Sif Muna.
  8146 | D:7      | Reached skill level 5 in Fighting
  8573 | D:8      | Reached XP level 10. HP: 78/79 MP: 10/10
  8585 | D:8      | Reached skill level 1 in Polearms
  9324 | D:8      | Found Eqioghui's Antique Weapon Emporium.
  9332 | D:8      | Bought a jewelled spear for 248 gold pieces
  9332 | D:8      | Identified the +6 spear of the Forest {speed, rF- rCorr
                  | Str+6 Stlth-} (You bought it in a shop on level 8 of the
                  | Dungeon)
  9736 | D:9      | Found a runed translucent door.
  9747 | D:9      | Found a basalt altar of Yredelemnul.
 10026 | D:9      | Reached **** piety under Okawaru
 10049 | D:9      | Identified the +9 arbalest of Freehold {elec, +Blink rF-
                  | rC+}
 10122 | D:9      | Reached skill level 5 in Polearms
 10149 | D:9      | Noticed a two-headed ogre
 10213 | D:9      | Killed a two-headed ogre
 10318 | D:9      | Found a staircase to the Orcish Mines.
 10466 | D:9      | Found a bloodstained altar of Trog.
 10468 | D:9      | Noticed a wizard
 10474 | D:9      | Killed a wizard
 10646 | D:10     | Entered Level 10 of the Dungeon
 10725 | D:10     | Noticed a sixfirhy
 11234 | D:10     | Reached ***** piety under Okawaru
 11317 | D:10     | Reached XP level 11. HP: 88/93 MP: 11/11
 12006 | D:10     | Found a hide-covered altar of Uskayaw.
 12287 | D:11     | Noticed a sun demon
 12481 | D:11     | Noticed a skeletal warrior
 12481 | D:11     | Noticed a skeletal warrior
 12545 | D:11     | Noticed a skeletal warrior
 12546 | D:11     | Noticed a skeletal warrior
 12562 | D:11     | Killed a skeletal warrior
 12563 | D:11     | Reached skill level 5 in Shields
 12563 | D:11     | Reached skill level 1 in Invocations
 12581 | D:11     | Slain by a skeletal warrior

Illustrated notes

Levels and vault maps discovered:
D:1:      wander_arrival_chamber, layout_basic, serial_forest,
          infiniplex_forest_lined_room_3, infiniplex_forest_clump_double,
          infiniplex_forest_clump_large, infiniplex_forest_end_1,
          infiniplex_forest_lined_3_way, infiniplex_forest_join,
          infiniplex_forest_clump_double, infiniplex_forest_clump_small,
          infiniplex_forest_clump_cross, infiniplex_forest_lined_3_way
D:2:      layout_rooms, hellmonk_ecumenical_altar_lost_god
D:3:      layout_basic, nicolae_tso_carved_into_rock
D:4:      layout_basic, nicolae_qazlal_style_of_elements,
          general_overflow_altar, overflow_temple_1_default, serial_shops,
          shop_coins, uniq_grinder
D:5:      layout_rooms, old_standard_altar, hangedman_decor_lopped,
          eino_tiny_chamber, eino_tiny_chamber
D:6:      layout_cave_pools, overflow_temple_1_default, temple_doors_e,
          cheibrodos_sewer_entry_bend, serial_shops, shop, shop, shop,
          hangedman_abyss_or_decor_stabs, corexii_leaking_fountain
D:7:      layout_loops_cross, kennysheep_mini, kennysheep_path_1, uniq_joseph
D:8:      layout_basic, serial_shops, shop, dk_noncrumbling_4, kennysheep_boxes
D:9:      layout_rooms, dk_yredelemnul_ordeal, trog_wizard, zombieorc2_lemuel,
          onia_ninara_dug_in_and_dangerous
D:10:     layout_stronghold, lemuel_coloured_pillars_altar
D:11:     layout_basic, dpeg_lair_monsters, slow_altar_1

Skill      XL: |  1  2  3  4  5  6  7  8  9 10 11 |
---------------+----------------------------------+-----
Axes           | 3 4 5 6 7 9 12 | 12.8
Fighting       | 5 7 8 |  8.2
Dodging        | 4 |  4.6
Shields        | 4 5 |  5.0
Polearms       | 7 8 |  8.3
Invocations    | 1 |  1.2

Action                   |  1- 3 |  4- 6 |  7- 9 | 10-12 || total
-------------------------+-------+-------+-------+-------++-------
Melee: War axe           |   110 |   110 |   248 |       ||   468
       Tailslap          |     9 |    11 |    50 |    93 ||   163
       Halberd           |       |       |     5 |    87 ||    92
       Spear             |       |       |       |   433 ||   433
Invok: Heroism           |       |       |     3 |     1 ||     4
       Finesse           |       |       |       |     1 ||     1
 Abil: Breathe Noxious F |       |       |    17 |    19 ||    36
Evoke: Wand              |       |       |       |     1 ||     1
  Use: Scroll            |       |     4 |     5 |     9 ||    18
       Potion            |       |     2 |     4 |     1 ||     7
 Stab: Sleeping          |     2 |     3 |     1 |       ||     6
       Confused          |       |       |    14 |    12 ||    26
Armor: Skin              |    43 |    45 |    71 |    46 ||   205
Dodge: Dodged            |    60 |    47 |    98 |   124 ||   329
Block: Kite shield       |    69 |    40 |   168 |   117 ||   394

Table legend: (Time is in decaauts)
 A = Elapsed time spent in this place.
 B = Non-inter-level travel time spent in this place.
 C = Inter-level travel time spent in this place.
 D = Time resting spent in this place.
 E = Time spent auto-exploring this place.
 F = Levels seen in this place.
 G = Mean time per level.
                   A        B        C        D        E       F      G
               +--------+--------+--------+--------+--------+-----+--------+
         Total |  12564 |  12203 |    361 |   3246 |   6879 |  11 | 1142.2 |
       Dungeon |  12564 |  12203 |    361 |   3246 |   6879 |  11 | 1142.2 |
               +--------+--------+--------+--------+--------+-----+--------+

Top non-repeatable levels by time:
     D:7: 1745 daAuts
     D:6: 1395 daAuts
     D:1: 1378 daAuts
    D:10: 1362 daAuts
     D:4: 1245 daAuts
     D:8: 1189 daAuts
     D:3: 1150 daAuts
     D:5: 1022 daAuts
     D:9: 967 daAuts
     D:2: 633 daAuts
    D:11: 473 daAuts
